 Dungeon Sprint DCSS version 0.26.1-11-gd32895ea62 (webtiles) character file.

Game seed: 864428349209242064

78230 Zeld the Champion of Chaos (level 15, -1/151 HPs)
             Began as a Deep Dwarf Fighter on June 5, 2021.
             Was the Champion of Makhleb.
             Slain by an entropy weaver (6 damage)
             ... in the Dungeon (Sprint V: "Ziggurat Sprint").
             The game lasted 00:22:04 (5495 turns).

Zeld the Champion of Chaos (Deep Dwarf Fighter)     Turns: 5495, Time: 00:22:05

Health: -1/151     AC:  0    Str: 42    XL:     15   Next: 17%
Magic:  0/9        EV: 21    Int: 16    God:    Makhleb [******]
Gold:   851        SH: 39    Dex: 18    Spells: 14/14 levels left

rFire    . . .     SeeInvis .   H - +8 war axe "Killer Klown's Bane" {vorpal, Str+5}
rCold    . . .     Faith    .   J - +4 tower shield {AC+3}
rNeg     + + .     Spirit   .   u - +5 plate armour "Etutel" {rPois}
rPois    +         Reflect  +   v - +2 helmet {Int+3}
rElec    .         Harm     .   I - +2 cloak {Will+}
rCorr    .         Rampage  .   (no gloves)
Will     +++..     NoTele   +   y - +2 pair of boots {run}
Stlth    ..........             E - amulet of reflection
HPRegen  0.00/turn              M - ring "Tecug" {rN+ Str+8}
MPRegen  0.11/turn              b - ring of Arrival {Str+6 Int+3 Dex+6 Stlth+}

@: corroded, non-regenerating, hasted, studying 3 skills, very quick
A: damage resistance, heal wounds, deformed body, negative energy resistance 1,
sense surroundings 2, weak 1, no regeneration
a: Heal Wounds, Renounce Religion, Minor Destruction, Lesser Servant of Makhleb,
Major Destruction, Greater Servant of Makhleb


You were in the Dungeon.
You worshipped Makhleb.
Makhleb was exalted by your worship.
You visited 1 branch You collected 851 gold pieces.

Inventory:

Hand Weapons
 H - the +8 war axe "Killer Klown's Bane" (weapon) {vorpal, Str+5}
   (You found it in the Dungeon)

   It inflicts extra damage upon your enemies.
   It affects your strength (+5).
Armour
 j - +0 gold dragon scales
 u - the +5 plate armour "Etutel" (worn) {rPois}
   (You found it in the Dungeon)

   It protects you from poison.
 v - a +2 helmet of intelligence (worn)
 y - a +2 pair of boots of running (worn)
 I - a +2 cloak of willpower (worn)
 J - a +4 tower shield of protection (worn)
Jewellery
 b - the ring of Arrival (right hand) {Str+6 Int+3 Dex+6 Stlth+}
   (You found it in the Dungeon)

   [ring of dexterity]

   It affects your strength (+6).
   It affects your intelligence (+3).
   It affects your dexterity (+6).
   It makes you more stealthy.
 D - an uncursed ring of wizardry
 E - an amulet of reflection (around neck)
 G - the amulet of the Four Winds {rN+ Will+++ Clar}
   (You found it in the Dungeon)

   [amulet of nothing]

   It protects you from negative energy.
   It affects your willpower, your defense against some magical effects.
   It protects you against confusion.
 M - the ring "Tecug" (left hand) {rN+ Str+8}
   (You found it in the Dungeon)

   [ring of positive energy]

   It affects your strength (+8).
   It protects you from negative energy.
Wands
 A - a wand of disintegration (7)
 B - a wand of iceblast (7)
 C - a wand of acid (7)
Scrolls
 k - 4 scrolls of amnesia
 l - 9 scrolls of fog
 m - a scroll of holy word
 n - 5 scrolls of identify
 o - 5 scrolls of remove curse
 K - a scroll of brand weapon
 L - 4 scrolls of enchant weapon
Potions
 e - 10 potions of curing
 f - 12 potions of heal wounds
 g - 12 potions of haste
 h - 7 potions of magic
 i - 2 potions of berserk rage
 q - 2 potions of brilliance
 r - a potion of invisibility
 s - 4 potions of resistance
Books
 d - a manual of Dodging
 F - a manual of Axes
 N - a manual of Fighting
Miscellaneous
 a - a phial of floods
 c - a phantom mirror
 t - a condenser vane
 x - a box of beasts
 z - a lightning rod (4/4)


   Skills:
 * Level 14.2 Fighting
 - Level 20.0 Axes
 * Level 10.1 Armour
 * Level 16.2 Dodging
 - Level 25.0 Shields
 O Level 27 Invocations
 * Level 11.2 Evocations


You had 14 spell levels left.
You didn't know any spells.
Your spell library contained the following spells:

 Spells                   Type           Power        Failure   Level
 Beastly Appendage        Tmut           0%           71%         1
 Foxfire                  Conj/Fire      0%           71%         1
 Wereblood                Tmut           0%           85%         2
 Spider Form              Tmut/Pois      0%           97%         3
 Cause Fear               Hex            0%           100%        4
 Ice Form                 Ice/Tmut       0%           100%        4
 Blade Hands              Tmut           0%           100%        5
 Bolt of Magma            Conj/Fire/Erth 0%           100%        5
 Iskenderun's Battlesphe  Conj           0%           100%        5
 Iron Shot                Conj/Erth      0%           100%        6
 Dragon Form              Tmut           0%           100%        7
 Orb of Destruction       Conj           0%           100%        7
 Spellforged Servitor     Conj/Summ      0%           100%        7
 Dragon's Call            Summ           0%           100%        9


Dungeon Overview and Level Annotations

Branches:
Dungeon (1/1)

Altars:
Ashenzari
Cheibriados
Dithmenos
Elyvilon
Fedhas
Gozag
Hepliaklqana
Kikubaaqudgha
Makhleb
Nemelex Xobeh
Okawaru
Qazlal
Ru
Sif Muna
Trog
Uskayaw
Vehumet
Wu Jian
Xom
Yredelemnul
Zin
The Shining One
Beogh
Jiyva
Lugonu

Annotations:
D Frances, Grum, Sigmund


Innate Abilities, Weirdness & Mutations

You are resistant to damage.
You can heal yourself by infusing magical energy.
You resist negative energy. (rN+)
You passively map the area around you.
You do not regenerate.
Armour fits poorly on your strangely shaped body.
You are weak. (Str -2)


Message History

You feel yourself speed up.
The jumping spider leaps!
You block the demonic crawler's attack. The demonic crawler barely misses you.
You block the demonic crawler's attack. x3; The demonic crawler hits you!
* * * LOW HITPOINT WARNING * * *
The demonic crawler barely misses you. The demonic crawler hits you.
* * * LOW HITPOINT WARNING * * *
The demonic crawler completely misses you.
The entropy weaver hits you!
* * * LOW HITPOINT WARNING * * *
The entropy weaver misses you. You block the entropy weaver's attack.
The entropy weaver closely misses you.
The jumping spider leaps!
The demonic crawler completely misses you.
The demonic crawler hits you!
* * * LOW HITPOINT WARNING * * *
The demonic crawler barely misses you. The demonic crawler hits you.
* * * LOW HITPOINT WARNING * * *
The demonic crawler misses you.
The demonic crawler completely misses you.
You block the entropy weaver's attack. The entropy weaver hits you!
You die...

,..............°.▓ ,
, , ,
,................▓ ,
, ...............s▓
,, , , ,
...........°....▓
,,,, ,
..............°.▓, ,
...▓.......▓°...▓, ,
, ,
..▓.▓.....▓.▓..{▓, *
,...▓.......▓..sB▓ ,
,, , ,
,........°....°s@▓ ,
,
..........s....s▓,,,
, ,,
.......©...B....▓,,
, ,
▓▓▓▓▓▓▓▓▓▓▓▓▓▓▓▓▓ *


You could see 2 entropy weavers, 4 demonic crawlers and an orb spider (fleeing).

Vanquished Creatures
  2 golden dragons (D)
  A Tzitzimitl (D)
  2 deep elf master archers (D)
  An acid blob (D)
  3 shadow dragons (D)
  4 nagarajas (D)
  2 ghost moths (D)
  2 orc warlords (D)
  A stone giant (D)
  3 ghouls (D)
  Azrael (D)
  A dire elephant (D)
  A death ooze (D)
  A great orb of eyes (D)
  2 hydras (D)
  A yaktaur captain (D)
  A naga warrior (D)
  A catoblepas (D)
  2 hell hogs (D)
  A vampire mage (D)
  A death yak (D)
  2 orc high priests (D)
  10 soul eaters (D)
  A death drake (D)
  2 spriggan druids (D)
  7 orc knights (D)
  2 necromancers (D)
  An ugly thing (D)
  An orb spider (D)
  A shining eye (D)
  4 wolf spiders (D)
  A cyclops (D)
  A moth of wrath (D)
  A guardian serpent (D)
  An elephant (D)
  2 black mambas (D)
  2 naga magi (D)
  A rust devil (D)
  A cane toad (D)
  A hellion (D)
  2 yaktaurs (D)
  A demonic crawler (D)
  An efreet (D)
  2 tormentors (D)
  A freezing wraith (D)
  A polar bear (D)
  A jumping spider (D)
  Grinder (D)
  3 blink frogs (D)
  2 hornets (D)
  6 slime creatures (D)
  A dream sheep (D)
  2 flying skulls (D)
  A spriggan (D)
  A wraith (D)
  A vampire (D)
  A shadow (D)
  4 tarantellas (D)
  A redback (D)
  A yak (D)
  A fire elemental (D)
  A human (shapeshifter) (D)
  A fire bat (D)
  A large abomination (D)
  A warg (D)
  A naga (D)
  7 water moccasins (D)
  2 hell hounds (D)
  Duvessa (D)
  9 orc warriors (D)
  2 black bears (D)
  A tengu (shapeshifter) (D)
  3 phantoms (D)
  A centaur (shapeshifter) (D)
  2 ogres (D)
  A wolf (D)
  2 centaurs (D)
  2 scorpions (D)
  2 wights (D)
  5 orc priests (D)
  An orc wizard (D)
  A jelly (D)
  An iguana (D)
  A gnoll (D)
  An adder (D)
  A white imp (D)
  2 adder zombies (D)
  7 adder skeletons (D)
  4 bat skeletons (D)
  5 bat zombies (D)
  3 ball pythons (D)
  A giant cockroach zombie (D)
  A jackal skeleton (D)
  A jackal zombie (D)
  4 leopard gecko zombies (D)
  A quokka skeleton (D)
  2 quokka zombies (D)
  2 fire vortices (D)
195 creatures vanquished.

Vanquished Creatures (collateral kills)
  2 acid blobs (D)
  Aizul (D)
  A reaper (D)
  A vampire knight (D)
  A dire elephant (D)
  2 death oozes (D)
  Erolcha (D)
  A naga warrior (D)
  A boulder beetle (D)
  A catoblepas (D)
  3 vampire magi (D)
  A soul eater (D)
  A glowing orange brain (D)
  A necromancer (D)
  5 orc knights (D)
  An orc sorcerer (D)
  4 black mambas (D)
  Psyche (D)
  An eye of devastation (D)
  2 rime drakes (D)
  2 cane toads (D)
  2 komodo dragons (D)
  3 ice devils (D)
  A freezing wraith (D)
  A tormentor (D)
  A red devil (D)
  3 blink frogs (D)
  A slime creature (D)
  3 dream sheep (D)
  5 shadows (D)
  2 yaks (D)
  A wyvern (D)
  An eye of draining (D)
  An ice beast (D)
  9 orc warriors (D)
  2 ogres (D)
  A phantom (D)
  A wolf (D)
  A centaur (D)
  A gnoll sergeant (D)
  2 iron imps (D)
  2 jellies (D)
  An orc priest (D)
  Crazy Yiuf (D)
  An orc wizard (D)
  An ooze (D)
  An adder zombie (D)
  An adder skeleton (D)
  2 bat skeletons (D)
  A bat zombie (D)
  2 giant cockroach zombies (D)
  A quokka skeleton (D)
90 creatures vanquished.

Vanquished Creatures (others)
  A stone giant (D)
  A centaur warrior (D)
  A cyclops (D)
  A rime drake (D)
  A yaktaur (D)
  A spriggan (D)
  A centaur (D)
  An adder simulacrum (D)
  A fire vortex (D)
9 creatures vanquished.

Grand Total: 294 creatures vanquished

Notes
Turn   | Place    | Note
-------+----------+-------------------------------------------
     0 | D        | Zeld the Deep Dwarf Fighter began the quest for the Orb.
     0 | D        | Reached XP level 1. HP: 20/20 MP: 1/1
     0 | D        | Found a shimmering blue altar of Sif Muna.
     0 | D        | Found a bloodstained altar of Trog.
     0 | D        | Found a sacrificial altar of Ru.
     0 | D        | Found a stormy altar of Qazlal.
     0 | D        | Found an iron altar of Okawaru.
     2 | D        | Found a sparkling altar of Nemelex Xobeh.
     3 | D        | Found the +6 Majin-Bo {vamp, MP+6 Int+6}
     3 | D        | Found the +9 heavy crossbow "Sniper" {vorpal, Acc+∞ SInv}
     3 | D        | Found the +10 dark maul {vorpal}
     3 | D        | Found the +15 Maxwell's patent armour {-Cast -Tele rElec
                  | Will+ rCorr}
     3 | D        | Found the +18 shield of the Gong {rElec rN+ Will+ EV-5}
     3 | D        | Found the cursed +14 obsidian axe {vorpal, +Fly SInv
                  | *Curse}
     3 | D        | Found the +7 great mace "Firestarter" {inner flame, rF++}
     3 | D        | Found the +6 shillelagh "Devastator" {shatter}
     3 | D        | Found the +11 plutonium sword {*Contam Stlth-}
     3 | D        | Found the +8 lance "Wyrmbane" {slay drac, rPois rF+ rC+
                  | AC+3}
     3 | D        | Found the +9 sword of Zonguldrok {reap}
     3 | D        | Found the cursed +13 scythe of Curses {drain, *Curse}
     3 | D        | Found the +5 sword of Power {vorpal}
     3 | D        | Found the +7 mace of Variability {chain chaos}
     3 | D        | Found the +7 Singing Sword {vorpal, sonic wave}
     3 | D        | Found the +8 storm bow {elec, penet}
     3 | D        | Found an ancient bone altar of Kikubaaqudgha.
     3 | D        | Found a transporter.
     3 | D        | Found a corrupted altar of Lugonu.
     3 | D        | Found a viscous altar of Jiyva.
     3 | D        | Found a burning altar of Makhleb.
     3 | D        | Found a hazy altar of Hepliaklqana.
     3 | D        | Found an opulent altar of Gozag.
     4 | D        | Found a blossoming altar of Fedhas.
    42 | D        | Became a worshipper of Makhleb the Destroyer
    43 | D        | Reached skill level 5 in Axes
    43 | D        | Reached skill level 5 in Shields
    43 | D        | Reached XP level 2. HP: 30/30 MP: 2/2
    89 | D        | Entered arena 2.
    89 | D        | Noticed a phantom
    89 | D        | Found a transporter.
    98 | D        | Killed a phantom
    99 | D        | Reached XP level 3. HP: 33/37 MP: 3/3
    99 | D        | Reached XP level 4. HP: 40/45 MP: 4/4
   110 | D        | Entered arena 3.
   110 | D        | Noticed a yak
   110 | D        | Noticed a wolf
   110 | D        | Found a transporter.
   115 | D        | Killed a wolf
   115 | D        | Reached * piety under Makhleb
   116 | D        | Reached skill level 5 in Fighting
   116 | D        | Reached skill level 5 in Dodging
   116 | D        | Reached XP level 5. HP: 36/52 MP: 5/5
   123 | D        | Killed a yak
   124 | D        | Reached XP level 6. HP: 48/62 MP: 6/6
   404 | D        | Entered arena 4.
   404 | D        | Found a transporter.
   406 | D        | Reached ** piety under Makhleb
   411 | D        | Reached skill level 10 in Shields
   413 | D        | Reached XP level 7. HP: 69/69 MP: 7/7
   421 | D        | Entered arena 5.
   421 | D        | Noticed a brown ugly thing
   421 | D        | Noticed a human
   421 | D        | Found a transporter.
   428 | D        | Killed a human
   428 | D        | Reached *** piety under Makhleb
   429 | D        | Reached skill level 10 in Axes
   435 | D        | Killed a brown ugly thing
   435 | D        | Reached **** piety under Makhleb
   436 | D        | Reached XP level 8. HP: 80/80 MP: 8/8
   445 | D        | Got the ring of Arrival {Str+6 Int+3 Dex+6 Stlth+}
   614 | D        | Entered arena 6.
   614 | D        | Found a transporter.
   691 | D        | Entered arena 7.
   691 | D        | Noticed a spriggan druid
   691 | D        | Noticed a spriggan druid
   692 | D        | Found a transporter.
   696 | D        | Reached ***** piety under Makhleb
   707 | D        | Gained mutation: You passively map the area around you.
                  | [Deep Dwarf growth]
   707 | D        | Reached XP level 9. HP: 61/88 MP: 9/9
   710 | D        | Killed a spriggan druid
   712 | D        | Killed a spriggan druid
   718 | D        | Reached skill level 10 in Dodging
   779 | D        | Killed a rime drake
   875 | D        | Entered arena 8.
   875 | D        | Noticed a moth of wrath
   883 | D        | Killed a moth of wrath
   883 | D        | Reached ****** piety under Makhleb
   885 | D        | Reached XP level 10. HP: 99/99 MP: 1/10
   892 | D        | Killed a ghost moth
   893 | D        | Reached skill level 15 in Axes
   893 | D        | Reached skill level 15 in Shields
   894 | D        | Found a transporter.
   986 | D        | Entered arena 9.
   986 | D        | Noticed a hell hog
   986 | D        | Noticed a hell hog
   986 | D        | Noticed an elephant
   986 | D        | Noticed an orb spider
   993 | D        | Killed an elephant
   993 | D        | Killed a hell hog
   993 | D        | Killed an orb spider
   994 | D        | Reached skill level 5 in Invocations
   994 | D        | Killed a hell hog
   995 | D        | Reached skill level 6 in Invocations
   997 | D        | Reached skill level 7 in Invocations
  1007 | D        | Found a transporter.
  1169 | D        | Entered arena 10.
  1169 | D        | Noticed a black mamba
  1169 | D        | Noticed a naga mage
  1170 | D        | Found a transporter.
  1178 | D        | Killed a black mamba
  1179 | D        | Reached skill level 8 in Invocations
  1179 | D        | Reached XP level 11. HP: 80/108 MP: 15/17
  1187 | D        | Reached skill level 9 in Invocations
  1297 | D        | Entered arena 11.
  1298 | D        | Found a transporter.
  1316 | D        | Got the cursed ring of Xom's Whimsicality {rF++ Str-4
                  | Dex-3}
  1329 | D        | Got the amulet "Lilug" {Regen+ Str+2}
  1340 | D        | Entered arena 12.
  1340 | D        | Noticed Grum
  1340 | D        | Noticed Aizul
  1340 | D        | Noticed Crazy Yiuf
  1340 | D        | Noticed Sigmund
  1340 | D        | Noticed Erolcha
  1340 | D        | Noticed Azrael
  1340 | D        | Noticed Frances
  1340 | D        | Noticed Grinder
  1341 | D        | Noticed a green death
  1341 | D        | Noticed Psyche
  1342 | D        | Noticed Duvessa
  1344 | D        | Noticed a cacodemon
  1346 | D        | Killed Crazy Yiuf
  1351 | D        | Killed Grinder
  1353 | D        | Killed Duvessa
  1353 | D        | Gained mutation: You are weak. (Str -2) [a cacodemon]
  1355 | D        | Noticed a sun demon
  1355 | D        | Killed Azrael
  1356 | D        | Reached skill level 10 in Invocations
  1357 | D        | Killed Erolcha
  1358 | D        | Reached skill level 11 in Invocations
  1363 | D        | Killed Psyche
  1363 | D        | Killed Aizul
  1364 | D        | Found a transporter.
  1368 | D        | Entered arena 13.
  1368 | D        | Noticed a four-headed hydra
  1368 | D        | Noticed a catoblepas
  1380 | D        | Found a transporter.
  1388 | D        | Reached skill level 12 in Invocations
  1392 | D        | Killed a catoblepas
  1393 | D        | Killed a seven-headed hydra
  1394 | D        | Reached skill level 13 in Invocations
  1522 | D        | Got the +8 war axe "Killer Klown's Bane" {vorpal, Str+5}
  1532 | D        | Entered arena 14.
  1533 | D        | Noticed a nagaraja
  1533 | D        | Noticed a naga warrior
  1533 | D        | Noticed a nagaraja
  1534 | D        | Noticed a nagaraja
  1535 | D        | Noticed an Executioner
  1535 | D        | Noticed a nagaraja
  1536 | D        | Noticed a naga warrior
  1549 | D        | Killed a nagaraja
  1550 | D        | Reached XP level 12. HP: 116/116 MP: 17/19
  1550 | D        | Killed a nagaraja
  1551 | D        | Reached skill level 14 in Invocations
  1552 | D        | Killed a nagaraja
  1554 | D        | Killed a naga warrior
  1555 | D        | Reached skill level 15 in Invocations
  1556 | D        | Killed a nagaraja
  1559 | D        | Killed a naga warrior
  1572 | D        | Found a transporter.
  1814 | D        | Entered arena 15.
  1833 | D        | Reached skill level 16 in Invocations
  1834 | D        | Found a transporter.
  2170 | D        | Entered arena 16.
  2173 | D        | Noticed a stone giant
  2173 | D        | Noticed a deep elf master archer
  2173 | D        | Noticed a deep elf master archer
  2174 | D        | Identified the +1 scimitar "Wiloudiwk" {venom, Dex+3}
  2175 | D        | Noticed a centaur warrior
  2179 | D        | Identified the +6 great mace "Jellybane" {venom, *Drain
                  | rN+++ Dex-3 Stlth+}
  2179 | D        | Noticed a yaktaur captain
  2182 | D        | Found a transporter.
  2186 | D        | Killed a centaur warrior
  2187 | D        | Killed a stone giant
  2188 | D        | Killed a deep elf master archer
  2189 | D        | Reached skill level 17 in Invocations
  2192 | D        | Killed a yaktaur captain
  2193 | D        | Reached skill level 18 in Invocations
  2197 | D        | Reached XP level 13. HP: 122/122 MP: 18/20
  2198 | D        | Killed a deep elf master archer
  2305 | D        | Got the +5 plate armour "Etutel" {rPois}
  2538 | D        | Entered arena 17.
  2548 | D        | Found the +8 whip "Snakebite" {curare, rPois}
  2548 | D        | Noticed a reaper
  2551 | D        | Found the amulet of the Air {Inacc +Fly rElec EV+5 RMsl}
  2551 | D        | Found a transporter.
  2560 | D        | Killed a reaper
  2833 | D        | Entered arena 18.
  2837 | D        | Noticed a green death
  2846 | D        | Noticed an orc warlord
  2847 | D        | Noticed an orc warlord
  2848 | D        | Found a transporter.
  2852 | D        | Reached skill level 19 in Invocations
  2855 | D        | Killed an orc warlord
  2864 | D        | Killed an orc warlord
  2865 | D        | Reached skill level 20 in Invocations
  3006 | D        | Entered arena 19.
  3009 | D        | Noticed a vampire knight
  3010 | D        | Identified the +5 mace of the Purse {drain, *Corrode Str+7}
  3010 | D        | Identified the amulet of Opogohu {RegenMP +Inv Str+7 Dex-5
                  | Stlth+}
  3011 | D        | Identified the cursed +0 quarterstaff of the Unseen Realm
                  | {freeze, rN+ Will+}
  3019 | D        | Killed a vampire knight
  3023 | D        | Reached skill level 21 in Invocations
  3029 | D        | Noticed a jiangshi
  3266 | D        | Found a transporter.
  3289 | D        | Entered arena 20.
  3294 | D        | Noticed a death ooze
  3294 | D        | Noticed an acid blob
  3294 | D        | Noticed a death ooze
  3295 | D        | Noticed an acid blob
  3296 | D        | Noticed an acid blob
  3297 | D        | Noticed a green death
  3303 | D        | Killed a death ooze
  3304 | D        | Killed an acid blob
  3306 | D        | Killed a death ooze
  3307 | D        | Reached skill level 22 in Invocations
  3307 | D        | Killed an acid blob
  3318 | D        | Gained mutation: Armour fits poorly on your strangely
                  | shaped body. [a shining eye]
  3320 | D        | Killed an acid blob
  3341 | D        | Reached skill level 23 in Invocations
  3342 | D        | Noticed a death ooze
  3343 | D        | Found the amulet of the Four Winds {rN+ Will+++ Clar}
  3343 | D        | Found a transporter.
  3352 | D        | Gained mutation: You resist negative energy. (rN+) [Deep
                  | Dwarf growth]
  3352 | D        | Reached XP level 14. HP: 117/130 MP: 11/17
  3488 | D        | Acquired 851 gold pieces
  3509 | D        | Entered arena 21.
  3518 | D        | Identified the ring of Fiqow {Fire rElec Will+++ Str+2
                  | Dex-5}
  3518 | D        | Identified the ring "Gifaha" {Fire Will+ Dex+2}
  3518 | D        | Noticed a stone giant
  3520 | D        | Identified the +4 halberd of Checks and Balances
                  | {antimagic, Fragile +Blink MP+9 Str+3}
  3522 | D        | Found a transporter.
  3529 | D        | Killed a stone giant
  3535 | D        | Reached skill level 24 in Invocations
  3910 | D        | Got the ring "Tecug" {rN+ Str+8}
  3920 | D        | Entered arena 22.
  3962 | D        | Reached skill level 25 in Invocations
  3996 | D        | Found a transporter.
  4183 | D        | Identified a +1 pair of boots of running (You found it in
                  | the Dungeon)
  4213 | D        | Entered arena 23.
  4225 | D        | Noticed a golden dragon
  4225 | D        | Noticed a quicksilver dragon
  4225 | D        | Noticed a shadow dragon
  4225 | D        | Noticed a golden dragon
  4225 | D        | Noticed a golden dragon
  4226 | D        | Noticed a golden dragon
  4226 | D        | Noticed a golden dragon
  4226 | D        | Noticed a quicksilver dragon
  4227 | D        | Noticed a golden dragon
  4239 | D        | Noticed an iron dragon
  4241 | D        | Found a transporter.
  4241 | D        | Noticed a golden dragon
  4241 | D        | Noticed a golden dragon
  4241 | D        | Noticed a golden dragon
  4242 | D        | Found the ring of the Mage {Wiz Will++ Int+3}
  4243 | D        | Entered arena 24.
  4268 | D        | Killed a golden dragon
  4269 | D        | Reached skill level 26 in Invocations
  4269 | D        | Killed a golden dragon
  4270 | D        | Reached skill level 27 in Invocations
  4272 | D        | Reached skill level 10 in Fighting
  4272 | D        | Reached skill level 1 in Evocations
  4605 | D        | Noticed a shadow dragon
  4605 | D        | Noticed a ghoul
  4614 | D        | Noticed a shadow dragon
  4623 | D        | Killed a shadow dragon
  4628 | D        | Noticed a ghoul
  4629 | D        | Noticed a shadow dragon
  4636 | D        | Killed a shadow dragon
  4641 | D        | Killed a ghoul
  4642 | D        | Reached skill level 5 in Armour
  4643 | D        | Killed a shadow dragon
  4644 | D        | Reached skill level 5 in Evocations
  4661 | D        | Killed a ghoul
  4850 | D        | Noticed a ghoul
  4874 | D        | Killed a ghoul
  4964 | D        | Noticed a Tzitzimitl
  4965 | D        | Found a transporter.
  4981 | D        | Reached XP level 15. HP: 95/146 MP: 10/10
  4989 | D        | Killed a Tzitzimitl
  4990 | D        | Reached skill level 15 in Dodging
  4990 | D        | Reached skill level 10 in Evocations
  5274 | D        | Entered arena 25.
  5485 | D        | Killed a ghost moth
  5486 | D        | Reached skill level 10 in Armour
  5495 | D        | HP: 5/151 [demonic crawler (3)]
  5495 | D        | Slain by an entropy weaver

Illustrated notes

Levels and vault maps discovered:
D:        sprint_v [room_start, room_1, room_2, room_3, room_4, room_5, room_6,
          room_7, room_8, room_9, room_10, room_11, room_12, room_13, room_14,
          room_15, room_16, room_17, room_18, room_19, room_20, room_21,
          room_22, room_23, room_24, room_25, room_26, room_27]

Skill      XL: |  1  2  3  4  5  6  7  8  9 10 11 12 13 14 15 |
---------------+----------------------------------------------+-----
Fighting       | 3 4 5 6 7 8 9 12 14 | 14.2
Axes           | 5 6 8 9 11 12 14 16 18 20 | 20.0
Dodging        | 3 4 5 6 8 9 10 14 16 | 16.2
Shields        | 5 7 8 9 10 12 13 14 16 18 20 23 25 | 25.0
Invocations    | 8 13 18 23 27 | 27.0
Evocations     | 9 11 | 11.2
Armour         | 8 10 | 10.1

Action                   |  1- 3 |  4- 6 |  7- 9 | 10-12 | 13-15 || total
-------------------------+-------+-------+-------+-------+-------++-------
Melee: Broad axe         |     6 |    18 |    55 |    83 |       ||   162
       War axe           |       |       |       |    40 |   236 ||   276
Invok: Greater Servant o |       |       |       |    13 |    30 ||    43
       Lesser Servant of |       |       |       |     3 |     2 ||     5
       Minor Destruction |       |       |       |       |     2 ||     2
 Abil: Heal Wounds       |       |       |     1 |    16 |    51 ||    68
Evoke: Phantom mirror    |       |       |       |     2 |       ||     2
       Box of beasts     |       |       |       |     1 |       ||     1
       Condenser vane    |       |       |       |     1 |       ||     1
  Use: Potion            |     1 |       |       |     2 |     3 ||     6
       Scroll            |       |       |       |     6 |    10 ||    16
 Stab: Petrified         |       |       |       |     2 |     1 ||     3
       Distracted        |       |       |       |     2 |     3 ||     5
       Invisible         |       |       |       |     3 |     1 ||     4
Armor: Crystal plate arm |     5 |     9 |    85 |    71 |       ||   170
       Plate armour      |       |       |       |    12 |   133 ||   145
Dodge: Dodged            |       |     2 |    35 |    40 |   219 ||   296
Block: Tower shield      |     7 |    22 |    82 |   226 |   599 ||   936
       Reflection        |       |       |       |    34 |     7 ||    41
